 Dungeon Crawl Stone Soup version 0.23-a0-136-g722f094 (webtiles) character file.

18867 omnomnOMINOUS the Geomancer (level 13, -1/100 (101) HPs)
             Began as a Formicid Earth Elementalist on Aug 28, 2018.
             Was a High Priest of the Shining One.
             Slain by a water moccasin (6 damage)
             ... on level 3 of the Lair of Beasts.
             The game lasted 00:59:30 (19244 turns).

omnomnOMINOUS the Geomancer (FoEE)                 Turns: 19244, Time: 00:59:30

HP:   -1/100 (101)  AC: 11    Str: 19    XL:     13   Next: 0%
MP:   5/25          EV: 18    Int: 19    God:    the Shining One [*****.]
Gold: 894           SH:  0    Dex: 11    Spells: 11/28 levels left

rFire    . . .     SeeInvis +   a - +10 dagger "Hoadi" {venom, +Rage rN+ MR+ Dex-5}
rCold    + . .     Gourm    .   (no shield)
rNeg     + + +     Faith    .   J - +1 scale mail {rC+}
rPois    .         Spirit   .   (helmet unavailable)
rElec    .         Reflect  .   w - +0 cloak
rCorr    .         Harm     .   B - +0 pair of gloves
MR       ++...                  (no boots)
Stlth    +.........             (no amulet)
HPRegen  0.26/turn              (no ring)
MPRegen  0.19/turn              (no ring)

@: mighty, agile, glowing
A: permanent stasis, dig shafts and tunnels, four strong arms, antennae 3
a: Dig, Shaft Self, Divine Shield, Cleansing Flame, Summon Divine Warrior,
Renounce Religion


You were on level 3 of the Lair of Beasts.
You worshipped the Shining One.
The Shining One was extremely pleased with you.
You were hungry.

You visited 2 branches of the dungeon, and saw 14 of its levels.
You also visited: Sewer and Ossuary.

You collected 894 gold pieces.

Inventory:

Hand Weapons
 a - the +10 dagger "Hoadi" (weapon) {venom, +Rage rN+ MR+ Dex-5}
   (You found it on level 8 of the Dungeon)

   It poisons the flesh of those it strikes.
   It affects your dexterity (-5).
   It protects you from negative energy.
   It affects your resistance to hostile enchantments.
   It lets you go berserk.
 b - a +3 whip of electrocution
 c - a +0 blowgun
 d - a +2 falchion of flaming
 x - a +1 dagger of venom
 E - a +2 whip of freezing
Missiles
 g - 441 stones (quivered)
 j - 273 arrows
 q - 28 poisoned needles
 r - 7 needles of confusion
 s - 2 curare-tipped needles
 H - 2 throwing nets
Armour
 w - a +0 cloak (worn)
 B - a +0 pair of gloves (worn)
 J - a +1 scale mail of cold resistance (worn)
 K - a +0 troll leather armour
 O - the +1 leather armour of Wuefy {rF++ Str+4}
   (You found it on level 2 of the Lair of Beasts)

   It affects your strength (+4).
   It greatly protects you from fire.
Magical Staves
 I - an uncursed staff of air
Wands
 e - a wand of polymorph (12)
 o - a wand of flame (42)
 y - a wand of digging (19)
 D - a wand of iceblast (22)
 F - a wand of enslavement (34)
Scrolls
 f - 3 scrolls of amnesia
 k - 2 scrolls of fear
 l - 6 scrolls of immolation
 p - 3 scrolls of enchant armour
 t - 8 scrolls of enchant weapon
 u - 5 scrolls of identify
 z - a scroll of remove curse
 C - 4 scrolls of magic mapping
 G - a scroll of fog
Potions
 h - a potion of agility
 i - 3 potions of flight
 m - 3 potions of might
 v - 3 potions of curing
 A - 2 potions of ambrosia
 M - a potion of cancellation
Miscellaneous
 N - a fan of gales (inert)
Comestibles
 n - 27 rations


   Skills:
 + Level 9.3 Fighting
 + Level 8.2 Armour
 + Level 8.0 Dodging
 - Level 2.4 Stealth
 - Level 8.0 Spellcasting
 + Level 6.1 Transmutations
 - Level 12.0 Earth Magic
 + Level 7.7 Invocations


You had 11 spell levels left.
You knew the following spells:

 Your Spells              Type           Power        Failure   Level  Hunger
a - Sandblast             Erth           ######       1%          1    None
b - Passwall              Tmut/Erth      #####...     1%          2    None
c - Stone Arrow           Conj/Erth      ####..       6%          3    None
d - Petrify               Tmut/Erth      #####...     6%          4    ###....
e - Lee's Rapid Deconstr  Erth           ######....   4%          5    #####..
f - Sticks to Snakes      Tmut           ####....     3%          2    None

Your spell library contained the following spells:

 Spells                   Type           Power        Failure   Level  Hunger
 Beastly Appendage        Tmut           ####..       1%          1    None
 Spider Form              Tmut/Pois      ###.......   21%         3    None
 Confusing Touch          Hex            #.....       24%         1    None
 Magic Dart               Conj           #...         24%         1    None
 Call Imp                 Summ           #.......     34%         2    None
 Corpse Rot               Necr           N/A          34%         2    None
 Slow                     Hex            #.......     34%         2    None
 Song of Slaying          Chrm           #.......     34%         2    None
 Swiftness                Chrm/Air       #.......     34%         2    None
 Blade Hands              Tmut           ####......   47%         5    #####..
 Confuse                  Hex            #.......     56%         3    None
 Conjure Flame            Conj/Fire      #.......     56%         3    None
 Gell's Gravitas          Tloc           #.........   56%         3    None
 Mephitic Cloud           Conj/Pois/Air  #.......     56%         3    None
 Ice Form                 Ice/Tmut       ###.....     56%         4    ###....
 Yara's Violent Unravell  Hex/Tmut       ###.......   88%         5    #####..
 Metabolic Englaciation   Hex/Ice        #.........   100%        5    #####..
 Blink                    Tloc           Unusable     N/A         2    N/A

Dungeon Overview and Level Annotations

Branches:
Dungeon (11/15)            Temple (0/1) D:7            Lair (3/6) D:11
    Orc (0/2) D:9
  Swamp: Lair:2-4    Shoals: Lair:2-4     Snake: Lair:2-4    Spider: Lair:2-4

Altars:
Gozag
Hepliaklqana
Kikubaaqudgha
Okawaru
Qazlal
Trog
Yredelemnul
The Shining One
Beogh

Shops:
D:2 *


Innate Abilities, Weirdness & Mutations

You cannot be hasted, slowed, berserked, paralysed or teleported.
You can dig through walls and to a lower floor.
Your four strong arms can wield two-handed weapons with a shield.
You have a pair of large antennae on your head. (SInv)


Message History

The water moccasin closely misses you. The water moccasin bites you.
* * * LOW HITPOINT WARNING * * *
Unknown command.
You completely miss the water moccasin. The water moccasin misses you.
The water moccasin bites you but does no damage.
The water moccasin closely misses you. The water moccasin bites you!
* * * LOW HITPOINT WARNING * * *
Unknown command.
You puncture the water moccasin!
The water moccasin is heavily wounded.
The water moccasin bites you.
* * * LOW HITPOINT WARNING * * *
The water moccasin closely misses you.
Unknown command.
You puncture the water moccasin!
The water moccasin looks as sick as possible!
The water moccasin is almost dead.
The water moccasin misses you. The water moccasin closely misses you.
The water moccasin bites you.
You die...

...# ....# ....## ##.
#...## (.. #...#
#..###....####..## #
...#.......##..S.# P###
>.8 ....>..###8.@#.....
...# #.....#...S.......+
...## #....###...#.....#
....###.8.###...#......#
##...#.....#...#.....>..
##......S....##........
..#..........## .......#
#.###.......## ..P..###
P.#####....## ....##


You could see 2 water moccasins.

Vanquished Creatures
  Harold (D:8)
  A catoblepas (Lair:2)
  Nergalle (D:11)
  An unseen horror (D:11)
  Pikel (D:6)
  A cyclops (D:11)
  A manticore (D:11)
  Maurice (D:10)
  Psyche (D:8)
  5 spiny frogs
  3 komodo dragons
  2 hornets (D:11)
  2 trolls (D:11)
  2 polar bears (Lair:1)
  Grinder (D:5)
  9 hippogriffs
  2 wyverns
  4 yaks (D:11)
  2 wraiths
  2 basilisks
  2 hungry ghosts
  2 soldier ants (D:11)
  5 water moccasins
  10 orc warriors
  9 porcupines
  An ice beast (D:8)
  4 sky beasts
  5 ogres
  A black bear (Lair:2)
  7 necrophages
  5 centaurs
  3 crocodiles
  3 bullfrogs
  8 big kobolds
  A scorpion (D:8)
  3 killer bees (D:8)
  6 wights
  An electric eel (Lair:1)
  4 howler monkeys
  5 crimson imps
  2 quasits
  A bullfrog zombie (D:10)
  2 jellies
  9 orc priests
  4 hounds
  A centaur skeleton (D:10)
  6 orc wizards
  4 iguanas
  9 worker ants
  2 mummies
  Robin (D:2)
  9 adders
  8 gnolls
  4 shadow imps
  3 oozes (Sewer)
  An adder zombie (D:7)
  3 adder skeletons
  2 worms
  A dart slug (D:3)
  8 leopard geckos
  37 orcs
  8 bats
  9 giant cockroaches
  2 gnoll zombies (D:5)
  18 goblins
  12 hobgoblins
  15 jackals
  36 kobolds
  4 quokkas
  2 ball pythons
  3 frilled lizards
  A giant cockroach zombie (D:5)
  6 gnoll skeletons (Ossuary)
  A hobgoblin zombie (D:8)
  A jackal skeleton (D:7)
  A jackal zombie (D:8)
  10 kobold skeletons (Ossuary)
  A leopard gecko zombie (D:8)
  9 orc skeletons (Ossuary)
  8 rats
  A plant (D:11)
393 creatures vanquished.

Vanquished Creatures (others)
  A fungus (Lair:1)
1 creature vanquished.

Grand Total: 394 creatures vanquished

Notes
Turn   | Place    | Note
-------+----------+-------------------------------------------
     0 | D:1      | omnomnOMINOUS the Formicid Earth Elementalist began the
                  | quest for the Orb.
     0 | D:1      | Reached XP level 1. HP: 13/13 MP: 3/3
   157 | D:1      | Reached XP level 2. HP: 20/20 MP: 3/5
   161 | D:1      | Learned a level 2 spell: Passwall
   497 | D:1      | Reached skill level 4 in Earth Magic
  1151 | D:2      | Reached skill level 1 in Armour
  1151 | D:2      | Reached XP level 3. HP: 16/25 MP: 6/6
  1156 | D:2      | Learned a level 3 spell: Stone Arrow
  1258 | D:2      | Found a hazy altar of Hepliaklqana.
  1295 | D:2      | Noticed Robin
  1497 | D:1      | Reached skill level 1 in Fighting
  1735 | D:2      | Killed Robin
  2117 | D:2      | Reached XP level 4. HP: 10/32 MP: 4/7
  2461 | D:2      | Found Gozag's Platinum Reserve.
  2470 | D:2      | Found an opulent altar of Gozag.
  2657 | D:2      | Found an ancient bone altar of Kikubaaqudgha.
  2664 | D:2      | Found a glowing golden altar of the Shining One.
  2671 | D:2      | Became a worshipper of the Shining One
  2901 | D:3      | Reached XP level 5. HP: 33/38 MP: 6/9
  3236 | D:3      | Reached skill level 5 in Earth Magic
  4049 | D:4      | Reached XP level 6. HP: 33/44 MP: 10/10
  4377 | D:4      | Found a bloodstained altar of Trog.
  4473 | D:5      | Entered Level 5 of the Dungeon
  4516 | D:5      | Reached * piety under the Shining One
  4555 | D:5      | Found a bloodstained altar of Trog.
  4558 | D:5      | Noticed a necrophage
  4564 | D:5      | Killed a necrophage
  4564 | D:5      | Reached skill level 6 in Earth Magic
  4564 | D:5      | Reached XP level 7. HP: 50/51 MP: 6/12
  5500 | D:5      | Noticed Grinder
  5726 | D:5      | Killed Grinder
  5726 | D:5      | Reached skill level 7 in Earth Magic
  5726 | D:5      | Reached XP level 8. HP: 43/59 MP: 1/14
  5820 | D:5      | Found a basalt altar of Yredelemnul.
  6257 | D:6      | Noticed Pikel
  6257 | D:6      | Reached ** piety under the Shining One
  6345 | D:6      | Found a glowing drain.
  6356 | Sewer    | Entered a sewer
  6906 | D:6      | Killed Pikel
  6906 | D:6      | Reached skill level 8 in Earth Magic
  6906 | D:6      | Reached XP level 9. HP: 27/66 MP: 2/16
  7274 | D:6      | Reached skill level 5 in Spellcasting
  7972 | D:7      | Reached skill level 5 in Armour
  7974 | D:7      | Noticed a hippogriff
  7978 | D:7      | You fall through a shaft for 3 floors!
  7978 | D:10     | Entered Level 10 of the Dungeon
  7978 | D:10     | Noticed a hippogriff
  7996 | D:10     | Noticed a hippogriff
  7999 | D:10     | Killed a hippogriff
  7999 | D:10     | Reached skill level 5 in Fighting
  7999 | D:10     | Reached skill level 9 in Earth Magic
  8354 | D:10     | Killed a hippogriff
  8406 | D:10     | Reached skill level 5 in Dodging
  8425 | D:10     | Reached XP level 10. HP: 73/74 MP: 15/18
  8517 | D:9      | Reached *** piety under the Shining One
  8600 | D:9      | Learned a level 4 spell: Petrify
  8606 | D:9      | Learned a level 5 spell: Lee's Rapid Deconstruction
  8878 | D:8      | Found a sand-covered staircase.
  8888 | Ossuary  | Entered an ossuary
  8908 | Ossuary  | Reached **** piety under the Shining One
  8908 | Ossuary  | Reached skill level 10 in Earth Magic
  9262 | D:8      | Reached ***** piety under the Shining One
  9303 | D:8      | Reached skill level 1 in Invocations
  9745 | D:8      | Got a shimmering dagger
  9746 | D:8      | Identified the +10 dagger "Hoadi" {venom, +Rage rN+ MR+
                  | Dex-5} (You found it on level 8 of the Dungeon)
  9760 | D:8      | Found an iron altar of Okawaru.
  9988 | D:8      | Noticed Psyche
  9995 | D:8      | Killed Psyche
 10479 | D:8      | Reached skill level 11 in Earth Magic
 10603 | D:7      | Found a stormy altar of Qazlal.
 10805 | D:7      | Reached XP level 11. HP: 69/82 MP: 16/21
 10943 | D:7      | Learned a level 2 spell: Sticks to Snakes
 10982 | D:7      | Found a staircase to the Ecumenical Temple.
 11365 | D:7      | Found an iron altar of Okawaru.
 11594 | D:8      | Noticed Harold
 11637 | D:8      | Killed Harold
 12276 | D:9      | Identified The Foundations of Spellcraft
 12432 | D:9      | Reached skill level 12 in Earth Magic
 12433 | D:9      | Found a roughly hewn altar of Beogh.
 12433 | D:9      | Found a staircase to the Orcish Mines.
 13593 | D:10     | Noticed Maurice
 13604 | D:10     | Killed Maurice
 13604 | D:10     | Reached skill level 5 in Invocations
 14370 | D:11     | Noticed a cyclops
 14388 | D:11     | Killed a cyclops
 14661 | D:11     | Noticed a manticore
 14684 | D:11     | Killed a manticore
 15053 | D:11     | Found a staircase to the Lair.
 15109 | D:11     | Noticed Nergalle
 15129 | D:11     | Killed Nergalle
 15129 | D:11     | Reached XP level 12. HP: 65/91 MP: 1/23
 15476 | D:11     | Noticed an unseen horror
 15479 | D:11     | Killed an unseen horror
 16139 | Lair:1   | Entered Level 1 of the Lair of Beasts
 16703 | Lair:1   | Reached skill level 5 in Transmutations
 18577 | Lair:2   | Got an ancient leather armour
 18588 | Lair:2   | Identified the cursed +1 leather armour of Wuefy {rF++
                  | Str+4} (You found it on level 2 of the Lair of Beasts)
 19184 | Lair:3   | Noticed a catoblepas
 19224 | Lair:2   | Killed a catoblepas
 19230 | Lair:2   | Reached XP level 13. HP: 13/100 MP: 2/25
 19243 | Lair:3   | HP: 4/100 [water moccasin (4)]
 19244 | Lair:3   | Slain by a water moccasin

Vault maps used:
D:1:      elethiomel_arrival_maze, minmay_nonomino_d4
D:2:      lemuel_round_altar, amethyst_overflow_temple_binary, first_ration,
          nicolae_gozag_zags_fifth_avenue, uniq_robin
D:4:      trog_hazing_becter
D:5:      lemuel_zombie_altar_yredelemnul, overflow_temple_1_default,
          grunt_tough_drop, uniq_grinder
D:6:      gup_sewer_entry_pipe, minmay_crossroads, uniq_pikel
D:7:      marbit_many_paths, minmay_temple_entry_butterflies,
          grunt_qazlal_sundering
D:8:      serial_undead, serial_undead_a, serial_undead_f, serial_undead_c,
          serial_undead_f, basic_altar, enter_ossuary_3, uniq_harold,
          uniq_psyche, uniq_maurice
D:9:      david_orc_5
D:11:     dpeg_oklobed_lair, hangedman_pestilent_swarm, uniq_nergalle
Lair:1:   gammafunk_lair_bear_cave
Lair:2:   minivault_19
Lair:3:   spider_nest_entry_webs, grunt_megastairs_5
Sewer:    kennysheep_pipe_town
Ossuary:  ossuary_due_mausoleum

Skill      XL: |  1  2  3  4  5  6  7  8  9 10 11 12 |
---------------+-------------------------------------+-----
Earth Magic    | 4 5 6 7 8 9 11 12 | 12.0
Dodging        | 2 3 4 5 6 8 |  8.0
Armour         | 1 2 3 4 5 6 8 |  8.2
Fighting       | 1 2 3 4 5 6 8 9 |  9.3
Spellcasting   | 3 4 5 6 7 8 |  8.0
Invocations    | 3 5 7 |  7.7
Transmutations | 3 6 |  6.1
Stealth        | |  2.4

Action                   |  1- 3 |  4- 6 |  7- 9 | 10-12 | 13-15 || total
-------------------------+-------+-------+-------+-------+-------++-------
Melee: Club              |    63 |       |       |       |       ||    63
       Whip              |    25 |    76 |    94 |    58 |       ||   253
       Dagger            |     4 |       |       |   360 |     4 ||   368
       Falchion          |       |    31 |    79 |       |       ||   110
 Cast: Sandblast         |    27 |    31 |    46 |    82 |       ||   186
       Stone Arrow       |       |     3 |    19 |   180 |     1 ||   203
       Lee's Rapid Decon |       |       |       |     3 |       ||     3
       Sticks to Snakes  |       |       |       |     4 |       ||     4
 Abil: Shaft Self        |       |       |     1 |       |       ||     1
Evoke: Wand              |       |       |     1 |       |       ||     1
       Fan of gales      |       |       |       |     1 |       ||     1
  Use: Scroll            |       |     5 |     7 |    12 |       ||    24
       Potion            |       |       |     8 |     5 |       ||    13
 Stab: Sleeping          |     2 |     2 |       |       |       ||     4
  Eat: Ration            |     1 |       |     2 |       |       ||     3
       Chunk             |       |     9 |     7 |    39 |     1 ||    56
Armor: Robe              |    29 |    25 |    27 |    21 |       ||   102
       Skin              |       |       |       |    18 |       ||    18
       Scale mail        |       |       |       |   113 |     1 ||   114
Dodge: Dodged            |    94 |    84 |   195 |   281 |    10 ||   664
       Rpst.: Falchion   |       |     9 |    32 |       |       ||    41

Table legend:
 A = Non-vault XP
 B = Vault XP
 C = Vault XP percentage of total XP
 D = Non-vault monster count
 E = Vault monster count
 F = Vault count percentage of total count
                 A         B        C        D         E       F
            +---------+---------+-------+---------+---------+-------
      Total |   18166 |    8788 |  32.6 |     252 |     140 |  35.7
            +---------+---------+-------+---------+---------+-------
        D:1 |      15 |      26 |  63.4 |       8 |      15 |  65.2
        D:2 |      45 |      17 |  27.4 |      18 |       3 |  14.3
        D:3 |     140 |       0 |   0.0 |      24 |       0 |   0.0
        D:4 |     100 |      11 |   9.9 |       4 |       6 |  60.0
        D:5 |     380 |     486 |  56.1 |      15 |       7 |  31.8
        D:6 |     135 |     918 |  87.2 |       9 |      11 |  55.0
        D:7 |    1651 |     183 |  10.0 |      31 |       1 |   3.1
        D:8 |    1565 |    2121 |  57.5 |      36 |      13 |  26.5
        D:9 |    1034 |     840 |  44.8 |      17 |      22 |  56.4
       D:10 |    1713 |     610 |  26.3 |      26 |       2 |   7.1
       D:11 |    5053 |    1430 |  22.1 |      34 |       5 |  12.8
     Lair:1 |    2602 |     631 |  19.5 |      12 |       3 |  20.0
     Lair:2 |    3053 |     928 |  23.3 |      13 |       1 |   7.1
     Lair:3 |     680 |       0 |   0.0 |       5 |       0 |   0.0
      Sewer |       0 |     339 | 100.0 |       0 |      24 | 100.0
    Ossuary |       0 |     248 | 100.0 |       0 |      27 | 100.0
            +---------+---------+-------+---------+---------+-------
